 Dungeon Crawl Stone Soup version 0.25.1-2-g60ff931df9 (webtiles) character file.

Game seed: 12086518709258652554

132 Curus the Cudgeler (level 5, 0/32 HPs)
             Began as a Gargoyle Fighter on Oct 6, 2020.
             Killed from afar by Sigmund (7 damage)
             ... with a puff of flame
             ... on level 2 of the Dungeon.
             The game lasted 00:09:16 (2018 turns).

Curus the Cudgeler (Gargoyle Fighter)               Turns: 2018, Time: 00:09:17

Health: 0/32       AC: 12    Str: 20    XL:     5   Next: 15%
Magic:  5/5        EV:  7    Int:  8    God:
Gold:   121        SH:  9    Dex: 10    Spells: 4/4 levels left

rFire    . . .     SeeInvis .   a - +0 flail
rCold    . . .     Gourm    .   c - +0 kite shield
rNeg     + + .     Faith    .   b - +0 scale mail
rPois    ∞         Spirit   .   i - +0 helmet
rElec    +         Reflect  .   (no cloak)
rCorr    .         Harm     .   (no gloves)
MR       .....                  (no boots)
Stlth    ..........             (no amulet)
HPRegen  0.10/turn              e - ring of positive energy
MPRegen  0.09/turn              (no ring)

@: no status effects
A: negative energy resistance 1, electricity resistance, unbreathing,
petrification resistance, rot immunity, AC +4
a: no special abilities


You were on level 2 of the Dungeon.
You were not hungry.

You visited 1 branch of the dungeon, and saw 2 of its levels.

You collected 121 gold pieces.

Inventory:

Hand Weapons
 a - a +0 flail (weapon)
Armour
 b - a +0 scale mail (worn)
 c - a +0 kite shield (worn)
 i - a +0 helmet (worn)
Jewellery
 e - a ring of positive energy (left hand)
 h - an uncursed ring of poison resistance
Scrolls
 j - a scroll of remove curse
 l - 3 scrolls of identify
Potions
 d - a potion of might
Comestibles
 f - 6 rations
 g - 9 chunks of flesh


   Skills:
 - Level 3.2 Fighting
 + Level 5.2 Maces & Flails
 - Level 3.2 Armour
 - Level 3.2 Shields


You had 4 spell levels left.
You didn't know any spells.
Your spell library was empty.

Dungeon Overview and Level Annotations

Branches:
Dungeon (2/15)

Altars:

Annotations:
D:2 Sigmund


Innate Abilities, Weirdness & Mutations

You are resistant to torment.
Your stone body is resilient. (AC +4)
You are immune to poison.
You resist negative energy. (rN+)
You are resistant to electric shocks. (rElec)
You can survive without breathing.
You are immune to petrification.
You are immune to rotting.


Message History

k - a purple potion It was a potion of magic.
Magic courses through your body.
Found a leather armour.
Press: ? - help, v - describe, . - travel
Here: Sigmund, wielding a +0 scythe, wearing a +1 robe of fire resistance and carrying a wand of flame (12) (wandering, hasn't noticed you)
The floor.
Unknown command.
Sigmund zaps a wand.
The puff of flame hits you!
A bat comes into view.
Sigmund zaps a wand.
The puff of flame hits you!
* * * LOW HITPOINT WARNING * * *
The bat moves out of view.
The bat closely misses you. Sigmund closely misses you.
You block the bat's attack. Sigmund casts a spell at you.
The magic dart hits you but does no damage.
The bat hits you but does no damage. Sigmund gestures at you while chanting.
The puff of flame hits you!
You die...

#.#.######.# #... .....
#[#.######.# #..#.#####
#.......##.# #..#..(...
##.#.###.##.###..#[#####
...#.# .##.#...........
####.#.###.##.#.#..#.#####
#..........##......#.# ...
#.##.#.##b.####.##.#.# ...
.....@.@.# #......# ###
###.#.##<## ######.# #
#.#.##.# #.# # # #.##.#
#.# # #.##.# #.# # #. #.#
#.# # #.. #.# # ..# #.# #
... #.# #


You could see Sigmund and a bat.

Vanquished Creatures
  7 gnolls (D:2)
  An adder (D:2)
  2 worms (D:2)
  A dart slug (D:1)
  2 leopard geckos
  A bat (D:1)
  2 giant cockroaches
  9 goblins
  9 hobgoblins
  A quokka (D:2)
  2 frilled lizards
  3 kobolds (D:1)
  5 rats (D:1)
45 creatures vanquished.

Notes
Turn   | Place    | Note
-------+----------+-------------------------------------------
     0 | D:1      | Curus the Gargoyle Fighter began the quest for the Orb.
     0 | D:1      | Reached XP level 1. HP: 14/14 MP: 1/1
   427 | D:1      | Reached XP level 2. HP: 19/19 MP: 2/2
   476 | D:1      | Reached skill level 3 in Maces & Flails
   945 | D:1      | Reached XP level 3. HP: 23/23 MP: 3/3
  1384 | D:2      | Noticed Sigmund
  1580 | D:2      | Reached skill level 4 in Maces & Flails
  1585 | D:2      | Reached XP level 4. HP: 27/28 MP: 4/4
  1817 | D:2      | Reached skill level 5 in Maces & Flails
  1817 | D:2      | Reached XP level 5. HP: 30/32 MP: 5/5
  2018 | D:2      | Killed from afar by Sigmund

Illustrated notes

Levels and vault maps discovered:
D:1:      elethiomel_arrival_maze, layout_basic
D:2:      cheibrodos_greedy_goblins, layout_basic, minmay_tetromino_i2,
          uniq_sigmund

Skill      XL: |  1  2  3  4 |
---------------+-------------+-----
Maces & Flails | 3 4 5 |  5.2
Fighting       | |  3.2
Armour         | |  3.2
Shields        | |  3.2

Action                   |  1- 3 |  4- 6 || total
-------------------------+-------+-------++-------
Melee: Flail             |   125 |    50 ||   175
  Use: Scroll            |     4 |       ||     4
       Potion            |     3 |     2 ||     5
 Stab: Invisible         |     1 |     1 ||     2
  Eat: Chunk             |     2 |     2 ||     4
Armor: Scale mail        |    78 |    30 ||   108
Dodge: Dodged            |    44 |    17 ||    61
Block: Kite shield       |    87 |    31 ||   118
